 Dungeon Crawl Stone Soup version 0.31-a0-848-gaac375c287 (webtiles) character file.

Game seed: 16941199396201063750

4258 javelincjr the Mimic (level 10, -4/126 HPs)
             Began as a Troll Shapeshifter on Oct 4, 2023.
             Was a Believer of Trog.
             Slain by an orc warrior
             ... wielding a +0 battleaxe
              (9 damage)
             ... on level 9 of the Dungeon.
             The game lasted 00:26:50 (5528 turns).

javelincjr the Mimic (Troll Shapeshifter)           Turns: 5528, Time: 00:26:51

Health: -4/126     AC: 25    Str: 28    XL:     10   Next: 10%
Magic:  9/9        EV:  1    Int:  6    God:    Trog [**....]
Gold:   557        SH:  0    Dex: 12    Spells: 9/9 levels left

rFire   + . .        G - +9 dagger of the Viper {spect, Dex+3 Stlth-}
rCold   + . .        (no shield)
rNeg    + . .        a - melded +0 animal skin
rPois   +            (helmet currently unavailable)
rElec   +            (cloak currently unavailable)
rCorr   +            (gloves unavailable)
SInv    .            (boots unavailable)
Will    .....        e - amulet of the acrobat Stlth
                     v - ring of positive energy
HPRegen 1.21/turn    A - +4 ring of slaying
MPRegen 0.11/turn

%: acrobat
@: tree-form, resistant, attractive, studying Long Blades
A: stationary, stasis, torment immunity, boosted hp, large, unfitting armour,
(claws 3), regeneration 1, (shaggy fur 2), (tough skin 1), sense surroundings 1,
MP-powered wands
a: Renounce Religion, Berserk, Trog's Hand


You were on level 9 of the Dungeon.
You worshipped Trog.
Trog was pleased with you.
You were a tree.
You visited 2 branches of the dungeon, and saw 10 of its levels.
You also visited: Ossuary.

You collected 557 gold pieces.

Inventory:

Hand Weapons
 G - the +9 dagger of the Viper (weapon) {spect, Dex+3 Stlth-}
   (You found it on level 4 of the Dungeon)

   Dex+3:     It affects your dexterity (+3).
   Stlth-:    It makes you less stealthy.
 M - a +0 dagger of protection
 N - a +3 spear of freezing
Missiles
 n - 48 stones (quivered)
 q - 8 boomerangs
 D - 31 poisoned darts
 S - 2 throwing nets
 T - a curare-tipped dart
Armour
 a - a +0 animal skin (melded)
Magical Staves
 L - a staff of conjuration
Jewellery
 e - an amulet of the acrobat (around neck)
 v - a ring of positive energy (left branch)
 A - a +4 ring of slaying (right branch)
 Q - a ring of willpower
Talismans
 c - a beast talisman
 d - a flux talisman
 u - a serpent talisman
Wands
 r - a wand of paralysis (4)
 C - a wand of flame (26)
 O - a wand of polymorph (10)
 P - a wand of acid (4)
Scrolls
 f - 5 scrolls of teleportation
 h - 7 scrolls of identify
 i - 3 scrolls of blinking {unknown}
 j - 2 scrolls of fear {unknown}
 m - a scroll of revelation {unknown}
 o - a scroll of acquirement {unknown}
 s - a scroll of immolation {unknown}
 t - a scroll of amnesia {unknown}
 x - 5 scrolls of noise {unknown}
 y - a scroll of silence {unknown}
 B - a scroll of vulnerability {unknown}
 E - 3 scrolls of enchant weapon {unknown}
 R - a scroll of fog {unknown}
Potions
 b - a potion of lignification
 g - a potion of attraction
 l - 2 potions of mutation
 p - a potion of cancellation {unknown}
 w - 3 potions of heal wounds {unknown}
 z - a potion of brilliance {unknown}
 F - a potion of ambrosia {unknown}
 H - a potion of might {unknown}
 I - 2 potions of curing {unknown}
 J - 2 potions of enlightenment {unknown}
 K - 2 potions of haste {unknown}


   Skills:
 - Level 1.3 Fighting
 + Level 6.1 Short Blades
 - Level 2.0 Dodging
 - Level 3.3 Unarmed Combat
 * Level 11.7 Shapeshifting


You had 9 spell levels left.
You didn't know any spells.
Your spell library was empty.

Dungeon Overview and Level Annotations

Branches:
Dungeon (9/15)             Temple (1/1) D:7         Ossuary (visited)
   Lair: D:8-11         Orc: D:9-12

Altars:
Ashenzari
Dithmenos
Elyvilon
Gozag
Hepliaklqana
Makhleb
Nemelex Xobeh
Okawaru
Ru
Sif Muna
Trog
Uskayaw
Vehumet
Wu Jian
Xom
Yredelemnul
The Shining One

Shops:
D:7 (

Annotations:
D:5 3 runed translucent doors, Age's ghost, amateur MiHu


Innate Abilities, Weirdness & Mutations

You are a tree.
Your roots penetrate the ground, keeping you stationary.
You cannot be teleported.
You are immune to unholy pain and torment.
Your maximum health is greatly increased.
Your equipment is partially melded.
You are too large for most types of armour.
((You have claws for hands.))
Your natural rate of healing is unusually fast.
((You are covered in thick fur. (AC +2)))
((You have tough skin. (AC +1)))
You passively map a small area around you.
You expend magic power (3 MP) to strengthen your wands.


Message History

The acid dragon bites you. The acid dragon claws you.
You puncture the acid dragon!
The acid dragon is severely wounded.
You feel sick.
You puncture the acid dragon!
You kill the acid dragon!
Trog accepts your kill.
You feel sick.
You are no longer poisoned.
You barely miss the orc warrior.
The orc warrior hits you with a +0 battleaxe!
You barely miss the orc warrior. The orc warrior barely misses you.
You hit the orc warrior.
The orc warrior is moderately wounded.
You hit the orc warrior.
The orc warrior is moderately wounded.
The orc warrior hits you with a +0 battleaxe.
You hit the orc warrior.
The orc warrior is heavily wounded.
The orc warrior hits you with a +0 battleaxe!!
* * * LOW HITPOINT WARNING * * *
You closely miss the orc warrior.
The orc warrior is heavily wounded.
You puncture the orc warrior!
The orc warrior is severely wounded.
The orc warrior hits you with a +0 battleaxe!
* * * LOW HITPOINT WARNING * * *
Your transformation has ended.
You turn into a tree.
Your +0 animal skin melds into your body.
Your roots penetrate the ground.
The orc warrior hits you with a +0 battleaxe.
* * * LOW HITPOINT WARNING * * *
It was a potion of attraction.
You feel attractive to monsters.
The orc warrior hits you but does no damage.
It was a potion of resistance.
You feel protected.
The orc warrior hits you with a +0 battleaxe!
You die...

, ,,, , ######* * ...... ,
, + ###### ,* ,* .. # ,
*.. #, * * .8 ., , # ,*,*
.#..., # ,,
,############...8.. * # ,
, #......†♣ooyo....[
#########.##########...8..
, ..........# .#... ,
########### *y8 . * *,*
*.y * , y. * * * * + , ,
*, , * , * ,,


You could see an orc warrior, a killer bee and 2 orcs.

Vanquished Creatures
  Prince Ribbit (D:7)
  An acid dragon (D:9)
  An orc warrior (D:8)
  2 sky beasts
  4 black bears
  2 ice beasts (D:7)
  6 centaurs
  5 ogres
  4 kobold brigands
  2 elf zombies (Ossuary)
  2 bullfrogs (D:8)
  2 scorpions
  4 wights (D:7)
  3 killer bees (D:9)
  A howler monkey (D:4)
  3 hounds
  3 gnoll boudas
  A jelly (D:7)
  5 orc priests
  Ijyb (D:3)
  4 sleepcaps
  4 iguanas
  8 orc wizards
  2 hound zombies (Ossuary)
  5 mummies
  14 gnolls
  11 adders
  A white imp (D:5)
  An ufetubus (D:6)
  A dart slug (D:3)
  21 orcs
  7 ball pythons
  6 bats
  5 endoplasms
  4 giant cockroaches
  8 goblins
  6 hobgoblins
  5 jackals
  A quokka (D:2)
  A frilled lizard (D:2)
  A goblin zombie (Ossuary)
  2 hobgoblin zombies
  4 jackal zombies (Ossuary)
  8 kobolds
  A kobold zombie (D:6)
  4 orc zombies
  5 rats
193 creatures vanquished.

Notes
Turn   | Place    | Note
-------+----------+-------------------------------------------
     0 | D:1      | javelincjr the Troll Shapeshifter began the quest for the
                  | Orb.
     0 | D:1      | Reached XP level 1. HP: 18/18 MP: 0/0
     0 | D:1      | Upgraded the game from 0.31-a0-846-gb3bcc0d938 to
                  | 0.31-a0-848-gaac375c287
    86 | D:1      | Reached skill level 1 in Fighting
   145 | D:1      | Reached XP level 2. HP: 27/27 MP: 1/1
   328 | D:1      | Reached XP level 3. HP: 31/33 MP: 2/2
   521 | D:2      | Found an iron altar of Okawaru.
   582 | D:2      | Reached XP level 4. HP: 41/41 MP: 3/3
   720 | D:2      | Reached skill level 4 in Shapeshifting
  1059 | D:3      | Noticed Ijyb
  1060 | D:3      | Paralysed by Ijyb for 4 turns
  1080 | D:3      | Paralysed by Ijyb for 5 turns
  1090 | D:3      | Paralysed by Ijyb for 2 turns
  1092 | D:3      | Killed Ijyb
  1093 | D:3      | Reached XP level 5. HP: 22/48 MP: 4/4
  1312 | D:3      | Reached skill level 5 in Shapeshifting
  1675 | D:4      | Noticed a black bear
  1718 | D:4      | Reached XP level 6. HP: 55/55 MP: 5/5
  1756 | D:4      | Reached skill level 6 in Shapeshifting
  2083 | D:4      | Found a burning altar of Makhleb.
  2136 | D:4      | Found a sacrificial altar of Ru.
  2143 | D:4      | Identified the +9 dagger of the Viper {spect, Dex+3 Stlth-}
  2173 | D:5      | Entered Level 5 of the Dungeon
  2223 | D:5      | Reached XP level 7. HP: 44/62 MP: 6/6
  2225 | D:5      | Reached skill level 7 in Shapeshifting
  2340 | D:5      | Reached skill level 1 in Short Blades
  2431 | D:5      | Found a sand-covered staircase.
  2435 | Ossuary  | Entered an ossuary
  2798 | D:5      | Reached skill level 8 in Shapeshifting
  2822 | D:5      | Found a runed translucent gate.
  2822 | D:5      | Found a runed translucent gate.
  2822 | D:5      | Found a runed translucent gate.
  2832 | D:5      | Noticed Age's ghost (amateur MiHu)
  3181 | D:6      | Reached XP level 8. HP: 55/70 MP: 7/7
  3321 | D:6      | Gained mutation: You are frail. (-10% HP) [potion of
                  | mutation]
  3321 | D:6      | Gained mutation: You have a somewhat thin skeletal
                  | structure. (Dex +2, Stealth+) [potion of mutation]
  3322 | D:6      | Lost mutation: You are frail. (-10% HP) [potion of
                  | mutation]
  3322 | D:6      | Lost mutation: You have a somewhat thin skeletal structure.
                  | (Dex +2, Stealth+) [potion of mutation]
  3322 | D:6      | Gained mutation: You expend magic power (3 MP) to
                  | strengthen your wands. [potion of mutation]
  3322 | D:6      | Gained mutation: Your magical capacity is low. (-10% MP)
                  | [potion of mutation]
  3323 | D:6      | Lost mutation: Your magical capacity is low. (-10% MP)
                  | [potion of mutation]
  3323 | D:6      | Lost mutation: You expend magic power (3 MP) to strengthen
                  | your wands. [potion of mutation]
  3323 | D:6      | Gained mutation: You expend magic power (3 MP) to
                  | strengthen your wands. [potion of mutation]
  3323 | D:6      | Gained mutation: You passively map a small area around you.
                  | [potion of mutation]
  3323 | D:6      | Gained mutation: You are covered in thick fur. (AC +2)
                  | [potion of mutation]
  3528 | D:6      | Reached skill level 9 in Shapeshifting
  3764 | D:7      | Found a staircase to the Ecumenical Temple.
  3777 | Temple   | Entered the Ecumenical Temple
  3784 | Temple   | Became a worshipper of Trog the Wrathful
  3805 | D:7      | Found Pihiasag's Antique Weapon Emporium.
  3843 | D:7      | Noticed Prince Ribbit
  3845 | D:7      | Killed Prince Ribbit
  3846 | D:7      | Reached XP level 9. HP: 76/76 MP: 8/8
  3973 | D:7      | Found a radiant altar of Vehumet.
  3974 | D:7      | Found a broken altar of Ashenzari.
  4036 | D:7      | Reached skill level 10 in Shapeshifting
  4450 | D:8      | Reached * piety under Trog
  4457 | D:8      | Noticed a +0 dagger
  4460 | D:8      | Noticed a +0 falchion
  4460 | D:8      | Noticed a +0 short sword
  4460 | D:8      | Noticed a +0 short sword
  4462 | D:8      | Noticed a +0 spear
  4463 | D:8      | Noticed a +0 spear
  4468 | D:8      | Noticed a +0 falchion
  4473 | D:8      | Noticed a +0 dagger
  4526 | D:8      | Reached skill level 5 in Short Blades
  4732 | D:8      | Reached skill level 11 in Shapeshifting
  4803 | D:8      | Reached ** piety under Trog
  4994 | D:8      | Found a hide-covered altar of Uskayaw.
  5266 | D:8      | Reached XP level 10. HP: 84/84 MP: 9/9
  5525 | D:9      | HP: 2/84 [orc warrior/+0 battleaxe (14)]
  5528 | D:9      | Slain by an orc warrior

Illustrated notes

Levels and vault maps discovered:
D:1:      sevenhm_arrival_forest_fort_large_2, layout_rooms
D:2:      layout_rooms, basic_altar
D:3:      layout_rooms, minmay_splitting_lines, uniq_ijyb
D:4:      layout_rooms, nicolae_ru_path_of_blood, kennysheep_mini,
          grunt_decor_arrowhead, minmay_manual_mess
D:5:      layout_basic, enter_ossuary_5, gammafunk_ghost_necromancy
D:6:      layout_basic, minmay_mini_ossuary
D:7:      layout_basic, mainiacjoe_overflow_divided_tiny,
          minmay_temple_entry_gardened_gates, serial_shops, shop,
          minmay_large_rounded_square, minmay_misc_feat_room,
          minmay_misc_feat_rugged, uniq_prince_ribbit1
D:8:      kennysheep_seaside_town, layout_basic, nicolae_uskayaw_en_pointe
D:9:      layout_basic, old_standard_altar,
          mainiacjoe_overflow_concentric_impassable, lair_entry_dummy,
          serial_shops, nicolae_shop_behind_doors, gammafunk_ghost_spectres,
          dk_noncrumbling_3
Temple:   nicolae_temple_x_marks_the_god

Skill      XL: |  1  2  3  4  5  6  7  8  9 10 |
---------------+-------------------------------+-----
Fighting       | 1 |  1.3
Dodging        | 2 |  2.0
Shapeshifting  | 4 5 6 8 9 11 | 11.7
Short Blades   | 2 4 5 6 |  6.1
Unarmed Combat | |  3.3

Action                     |  1- 3 |  4- 6 |  7- 9 | 10-12 || total
---------------------------+-------+-------+-------+-------++-------
  Melee: Unarmed           |    60 |   106 |       |       ||   166
         Punch             |     1 |     2 |     8 |       ||    11
         Dagger            |       |     8 |   185 |    36 ||   229
  Throw: Stone             |       |       |     9 |       ||     9
    Use: Potion            |       |     1 |     3 |     3 ||     7
         Scroll            |       |       |     2 |       ||     2
 Armour: Animal skin       |    36 |    71 |    98 |    22 ||   227
         Skin              |       |     3 |       |     3 ||     6
  Dodge: Dodged            |    30 |    66 |   118 |    18 ||   232

Table legend: (Time is in decaauts)
 A = Elapsed time spent in this place.
 B = Non-inter-level travel time spent in this place.
 C = Inter-level travel time spent in this place.
 D = Time resting spent in this place.
 E = Time spent auto-exploring this place.
 F = Levels seen in this place.
 G = Mean time per level.
                   A        B        C        D        E       F      G
               +--------+--------+--------+--------+--------+-----+--------+
         Total |   5471 |   5148 |    323 |     34 |   3980 |  11 |  497.4 |
       Dungeon |   5250 |   4933 |    317 |     34 |   3861 |   9 |  583.3 |
        Temple |     14 |      8 |      6 |      0 |      0 |   1 |   14.0 |
       Ossuary |    207 |    207 |      0 |      0 |    119 |   1 |  207.0 |
               +--------+--------+--------+--------+--------+-----+--------+

Top non-repeatable levels by time:
     D:8: 1034 daAuts
     D:7: 734 daAuts
     D:5: 691 daAuts
     D:4: 637 daAuts
     D:6: 560 daAuts
     D:2: 524 daAuts
     D:1: 500 daAuts
     D:3: 500 daAuts
 Ossuary: 207 daAuts
     D:9: 67 daAuts
  Temple: 14 daAuts
